[Event "Titled Tuesday Blitz December 27 Early 2022"]
[White "Darini, Pouria"]
[Black "McCoy, Owen"]
[WhiteFideId "12502200"]
[BlackFideId "30924502"]
[WhiteElo "2401"]
[BlackElo "2085"]
[Result "1/2-1/2"]
[Round "05"]
[TimeControl "180+2"]
[Date "2022.12.27"]
[WhiteClock "0:00:13"]
[BlackClock "0:00:13"]

1. Nf3 Nf6 2. c4 c6 3. d4 d5 4. g3 g6 5. Bg2 Bg7 6. O-O O-O 7. Nbd2 Bf5 8. b3 Ne4 9. Bb2 Nxd2 10. Qxd2 Be4 11. Rfd1 e6 12. Rac1 Nd7 13. e3 Qb6 14. c5 Qc7 15. a4 a5 16. Bc3 Bxf3 17. Bxf3 e5 18. Re1 e4 19. Be2 f5 20. h4 Nf6 21. Kg2 Ra7 22. Rb1 Rfa8 23. Rh1 h6 24. Qd1 Qd7 25. Rb2 Bf8 26. Qd2 Be7 27. Rhb1 Bd8 28. Rg1 Bc7 29. Qd1 Kg7 30. Bd2 h5 31. Qc2 Kf7 32. Kf1 Ke7 33. Ke1 Kd8 34. Kd1 Kc8 35. Kc1 Ne8 36. Kb1 Ng7 37. Ka2 Ne6 38. Rc1 Qe7 39. Rd1 Qd7 40. Rdb1 Qe7 41. Qd1 Qd7 42. Qe1 Qe7 43. Ra1 Qd7 44. Kb1 Qe7 45. Qd1 Qd7 46. Qc2 Qe7 47. Kc1 Qd7 48. Rab1 Nd8 49. Bd1 Bb8 50. Qc3 Bc7 51. Be1 Qe7 52. Qd2 Qd7 53. Qe2 Qe7 54. b4 axb4 55. Bxb4 Ba5 56. Bxa5 Rxa5 57. Rb6 Qc7 58. R1b4 R5a7 59. Qb2 Ra5 60. Kd2 R5a7 61. Kc3 Ra5 62. Qb3 R5a7 63. Be2 Ra5 64. Bf1 R5a7 65. Be2 Ra5 66. Bd1 R8a7 67. Qb2 Ra8 68. Qd2 R8a7 69. Rb2 Ra8 70. Ra2 R8a7 71. Qb2 Ra8 72. Qe2 R8a7 73. Rab2 Ra8 74. R2b4 R8a7 75. f3 Qxg3 76. fxe4 fxe4 77. Kd2 Qxh4 78. Qf1 Qh2+ 79. Kc1 Qa2 80. Qh3+ Kc7 81. Qg3+ Kc8 82. Qh3+ Kc7 83. Qg3+ Kc8 84. Qxg6 Qa3+ 85. Kb1 Qxe3 86. Qf5+ Kc7 87. Qe5+ Kc8 88. Bxh5 Qe1+ 89. Kb2 Qd2+ 90. Kb1 Qe1+ 91. Kc2 Qf2+ 92. Kd1 Qf1+ 93. Kd2 Qf2+ 94. Kc1 Qe1+ 95. Kc2 Qf2+ 96. Kb3 Qe3+ 97. Kb2 Qd2+ 98. Kb1 Qe1+ 1/2-1/2


[Site "https://www.chess.com"]

[Event "Titled Tuesday Blitz December 27 Early 2022"]
[White "De Souza, Cristiano Gomes"]
[Black "Bas Mas, Jose Joaquin"]
[WhiteFideId "2151758"]
[BlackFideId "22219064"]
[WhiteElo "2018"]
[BlackElo "2197"]
[Result "0-1"]
[Round "05"]
[TimeControl "180+2"]
[Date "2022.12.27"]
[WhiteClock "0:01:14"]
[BlackClock "0:00:10"]

1. d4 f5 2. c4 Nf6 3. Nf3 e6 4. b3 Bb4+ 5. Bd2 Be7 6. g3 b6 7. Bg2 Bb7 8. O-O O-O 9. Bc3 Ne4 10. Nfd2 Nxc3 11. Nxc3 Bxg2 12. Kxg2 Bf6 13. e3 c5 14. Qf3 Nc6 15. Ne2 cxd4 16. exd4 Nxd4 17. Nxd4 Bxd4 18. Rad1 Qf6 19. Qb7 Rfd8 20. Nf3 e5 21. Rfe1 Bc3 22. Qd5+ Qe6 23. Qxe6+ dxe6 24. Rxd8+ Rxd8 25. Re3 Bd4 26. Nxd4 exd4 27. Rxe6 Kf7 28. Re1 Kf6 29. Kf3 g5 30. h3 h5 31. Rd1 a5 32. a3 Ke5 33. Re1+ Kd6 34. Rd1 Kc5 35. Ke2 a4 36. Kd3 axb3 37. Rb1 Ra8 38. Rxb3 Ra5 39. f4 gxf4 40. gxf4 h4 41. Rb5+ Rxb5 42. cxb5 Kd5 43. a4 Kc5 44. Kc2 Kc4 45. Kd2 Kb4 46. Kd3 Kxa4 47. Kxd4 Kxb5 48. Ke5 Kc4 49. Kxf5 b5 50. Ke6 b4 51. f5 b3 52. f6 b2 53. f7 b1=Q 54. f8=Q Qe4+ 55. Kd7 Qd3+ 56. Kc6 Qxh3 57. Qc5+ Kb3 58. Qb5+ Kc2 59. Qa4+ Kd2 60. Qa1 Qc3+ 61. Qxc3+ Kxc3 0-1


[Site "https://www.chess.com"]

[Event "Titled Tuesday Blitz December 27 Early 2022"]
[White "Delorme, Alban"]
[Black "Eggleston, Thomas A"]
[WhiteFideId "623636"]
[BlackFideId "412139"]
[WhiteElo "2298"]
[BlackElo "2215"]
[Result "1-0"]
[Round "05"]
[TimeControl "180+2"]
[Date "2022.12.27"]
[WhiteClock "0:01:32"]
[BlackClock "0:01:04"]

1. e4 e6 2. d4 d5 3. Nc3 Nf6 4. e5 Nfd7 5. f4 c5 6. Nf3 Nc6 7. Be3 Be7 8. Qd2 O-O 9. dxc5 Qa5 10. Be2 f6 11. exf6 Nxf6 12. O-O Bxc5 13. Nd4 Bd7 14. Nb3 Bxe3+ 15. Qxe3 Qb4 16. Qc5 Rae8 17. Rae1 b6 18. Qb5 Qe7 19. Qd3 Qf7 20. Nd4 Nb4 21. Qd2 Ne4 22. Nxe4 dxe4 23. Qxb4 Qg6 24. Qd6 Rf7 25. Qe5 Bc8 26. Bh5 1-0


[Site "https://www.chess.com"]

[Event "Titled Tuesday Blitz December 27 Early 2022"]
[White "Demidov, Mikhail"]
[Black "Hsu, Li Yang"]
[WhiteFideId "4197143"]
[BlackFideId "5800080"]
[WhiteElo "2583"]
[BlackElo "2427"]
[Result "1-0"]
[Round "05"]
[TimeControl "180+2"]
[Date "2022.12.27"]
[WhiteClock "0:00:46"]
[BlackClock "0:00:21"]

1. Nf3 Nf6 2. g3 d5 3. Bg2 c6 4. O-O Bg4 5. Ne5 Be6 6. d4 g6 7. c3 Bg7 8. Nd2 O-O 9. Re1 Nbd7 10. Nd3 Bf5 11. Nb3 Re8 12. Bf4 Nh5 13. Bg5 h6 14. Bd2 Nhf6 15. Bf4 Nh5 16. Bd2 Nhf6 17. Nbc5 b6 18. Nxd7 Qxd7 19. Qc1 Bxd3 20. exd3 h5 21. Bf4 e6 22. h3 Rac8 23. Qd2 c5 24. Be5 Nh7 25. Bxg7 Kxg7 26. Qe3 Qc7 27. Re2 Nf6 28. Rae1 a5 29. Bf3 cxd4 30. Qxd4 Qc5 31. Qf4 Qc7 32. Qd4 Qc5 33. Qh4 b5 34. a3 b4 35. axb4 axb4 36. cxb4 Qb5 37. Qd4 Rb8 38. g4 hxg4 39. hxg4 Qxb4 40. Qe5 Rh8 41. g5 Qh4 42. Qxf6+ Kg8 43. Rxe6 Qh2+ 44. Kf1 Qh3+ 45. Bg2 Qxd3+ 46. Kg1 fxe6 47. Qxe6+ Kg7 48. Qe5+ Kf7 49. Qc7+ 1-0


[Site "https://www.chess.com"]

[Event "Titled Tuesday Blitz December 27 Early 2022"]
[White "Demin, Vladimir"]
[Black "Boros, Denes"]
[WhiteFideId "4167457"]
[BlackFideId "722340"]
[WhiteElo "2430"]
[BlackElo "2406"]
[Result "1-0"]
[Round "05"]
[TimeControl "180+2"]
[Date "2022.12.27"]
[WhiteClock "0:00:30"]
[BlackClock "0:01:01"]

1. d4 b6 2. e4 Bb7 3. Nc3 e6 4. Bd3 Ne7 5. Nge2 d5 6. O-O c5 7. exd5 Nxd5 8. dxc5 Nxc3 9. Nxc3 Bxc5 10. Qg4 Qd4 11. Qg3 a6 12. Be3 Qd6 13. Qxg7 Rf8 14. Bxc5 Qxc5 15. Be4 Qc7 16. Rad1 Nd7 17. Bxb7 Qxb7 18. Qxh7 O-O-O 19. Qe4 Rg8 20. Qxb7+ Kxb7 21. f3 Kc7 22. Kf2 Rh8 23. Rh1 Rc8 24. h4 Ne5 25. Ne4 b5 26. h5 Kb8 27. c3 Nc4 28. Rd7 f5 29. Nd6 Rc6 30. Nxc4 bxc4 31. h6 Rb6 32. h7 Rxb2+ 33. Kg3 e5 34. Rh6 f4+ 35. Kh2 Rb7 36. Rxb7+ Kxb7 37. Kh3 1-0


[Site "https://www.chess.com"]

[Event "Titled Tuesday Blitz December 27 Early 2022"]
[White "Derjabin, Ilja"]
[Black "Ciuffoletti, Paolo"]
[WhiteFideId "14104768"]
[BlackFideId "807630"]
[WhiteElo "2333"]
[BlackElo "2106"]
[Result "1-0"]
[Round "05"]
[TimeControl "180+2"]
[Date "2022.12.27"]
[WhiteClock "0:00:22"]
[BlackClock "0:00:02"]

1. d4 d5 2. c4 c6 3. Nc3 Nf6 4. Nf3 dxc4 5. a4 e6 6. e3 c5 7. Bxc4 Nc6 8. O-O cxd4 9. exd4 Be7 10. Bg5 O-O 11. Re1 Nb4 12. Ne5 Bd7 13. Nxd7 Qxd7 14. Bb5 Qd6 15. Rc1 a6 16. Bf1 Rfd8 17. Qf3 Nfd5 18. Ne4 Qd7 19. h4 Bxg5 20. Nxg5 h6 21. Ne4 b6 22. a5 bxa5 23. Nc5 Qe7 24. h5 Qf6 25. Qg3 Rac8 26. Re5 Nc6 27. Bxa6 Nxe5 28. Bxc8 Rxc8 29. dxe5 Qe7 30. Qa3 Nb4 31. Qxa5 1-0


[Site "https://www.chess.com"]

[Event "Titled Tuesday Blitz December 27 Early 2022"]
[White "Dias, Joao Batista"]
[Black "Guha, Eshan"]
[WhiteFideId "2108240"]
[BlackFideId "30958628"]
[WhiteElo "1796"]
[BlackElo "2071"]
[Result "0-1"]
[Round "05"]
[TimeControl "180+2"]
[Date "2022.12.27"]
[WhiteClock "0:00:18"]
[BlackClock "0:00:18"]

1. e4 c5 2. Nf3 d6 3. d4 cxd4 4. Nxd4 Nf6 5. Bd3 Nc6 6. Nxc6 bxc6 7. O-O g6 8. b3 Bg7 9. Bb2 O-O 10. Nd2 a5 11. a4 Bb7 12. Qe2 Qc7 13. Rad1 Rad8 14. f4 Qb6+ 15. Kh1 Bc8 16. Nc4 Qa7 17. h3 d5 18. Ne5 Qc7 19. exd5 cxd5 20. Ba3 Rfe8 21. Bb5 Rf8 22. Bd3 Bb7 23. Rde1 Ne4 24. Bxe4 dxe4 25. Nc4 Ba6 26. Qxe4 Bxc4 27. Qxc4 Qxc4 28. bxc4 Rd4 29. Bxe7 Rc8 30. f5 Rdxc4 31. fxg6 hxg6 32. Bf6 Bxf6 33. Rxf6 Rxc2 34. Re7 Rf8 35. Re5 Rd8 36. Rxa5 Rdd2 37. Ra7 Rxg2 38. Raxf7 Rh2+ 39. Kg1 Rcg2+ 40. Kf1 Ra2 41. Rf8+ Kg7 42. R6f7+ Kh6 43. Kg1 Rhg2+ 44. Kh1 Rgb2 45. Kg1 Rb1+ 46. Rf1 Rbb2 47. R1f3 Rg2+ 48. Kf1 Rgc2 49. Kg1 Rxa4 50. Rh8+ Kg7 51. Rhf8 Ra1+ 52. Rf1 Raa2 53. h4 Rg2+ 54. Kh1 Rh2+ 55. Kg1 Rag2# 0-1


[Site "https://www.chess.com"]

[Event "Titled Tuesday Blitz December 27 Early 2022"]
[White "Diaz, Fernando"]
[Black "Buscar, Michael"]
[WhiteFideId "3701255"]
[BlackFideId "2603616"]
[WhiteElo "2121"]
[BlackElo "2041"]
[Result "1-0"]
[Round "05"]
[TimeControl "180+2"]
[Date "2022.12.27"]
[WhiteClock "0:00:08"]
[BlackClock "0:00:46"]

1. e4 c5 2. d4 cxd4 3. c3 Nf6 4. e5 Nd5 5. Nf3 Nc6 6. cxd4 d6 7. a3 e6 8. Bd3 Be7 9. O-O Bd7 10. Qe2 O-O 11. Bd2 Rc8 12. Nc3 Qb6 13. Nxd5 exd5 14. Bc3 Bg4 15. Rad1 Rfe8 16. h3 Bh5 17. Bb1 dxe5 18. dxe5 d4 19. Bxd4 Nxd4 20. Rxd4 Bxf3 21. Qd3 Bc5 22. Rd7 Bxf2+ 23. Rxf2 Rc1+ 24. Kh2 Rxb1 25. Qxf3 Qe6 26. Qxf7+ Qxf7 27. Rfxf7 Rxe5 28. Rxg7+ Kf8 29. Rdf7+ Ke8 30. Rxb7 Kf8 31. Rxh7 Kg8 32. Rhg7+ Kh8 33. Rgc7 Re8 34. b4 a6 35. Rh7+ Kg8 36. Rbg7+ Kf8 37. Rh8+ Kxg7 38. Rxe8 Rb3 39. Re7+ Kf8 40. Ra7 Rxa3 41. b5 Rb3 42. bxa6 Ke8 43. h4 Rb5 44. g4 Rb3 45. h5 Kf8 46. h6 Kg8 47. Kg2 Rb6 48. g5 Rb5 49. Rg7+ Kh8 50. a7 Ra5 51. Kg3 Ra3+ 52. Kg4 Ra4+ 53. Kh5 Rh4+ 54. Kg6 Ra4 55. Rb7 Ra6+ 56. Kh5 Rc6 57. Rb8+ Kh7 58. a8=Q Rxh6+ 59. Kg4 Rh4+ 60. Kxh4 1-0


[Site "https://www.chess.com"]

[Event "Titled Tuesday Blitz December 27 Early 2022"]
[White "Dilmukhametov, Artur"]
[Black "Palacio,Igor Da Paz"]
[WhiteFideId "24179922"]
[BlackFideId "2121140"]
[WhiteElo "2276"]
[BlackElo "2172"]
[Result "0-1"]
[Round "05"]
[TimeControl "180+2"]
[Date "2022.12.27"]
[WhiteClock "0:00:05"]
[BlackClock "0:00:06"]

1. d4 Nf6 2. Nc3 d5 3. Bf4 c5 4. Nf3 a6 5. e3 Bg4 6. Be2 Nc6 7. h3 Bh5 8. g4 Bg6 9. Ne5 cxd4 10. Nxg6 hxg6 11. exd4 e6 12. Qd2 Bb4 13. a3 Ne4 14. Qd3 Ba5 15. b4 Nxb4 16. axb4 Bxb4 17. Bd2 Nxd2 18. Kxd2 Rc8 19. Rab1 Rxc3 20. Rxb4 Rxd3+ 21. Bxd3 Qc7 22. Rhb1 b5 23. Bf1 Qf4+ 24. Ke2 Qe4+ 25. Kd2 Qf3 26. Ra1 Qxf2+ 27. Kc3 O-O 28. Kb3 Rc8 29. Ka3 Qxc2 30. Rb3 Rc3 31. Rxc3 Qxc3+ 32. Ka2 Qxd4 33. Rb1 Qa4+ 34. Kb2 Qb4+ 35. Kc1 Qf4+ 36. Kb2 Qf2+ 37. Ka1 Qd4+ 38. Ka2 b4 39. Kb3 a5 40. Bg2 Qc3+ 41. Ka4 Qa3+ 42. Kb5 b3 43. Bf3 Qa2 44. Rd1 b2 45. Be2 b1=Q+ 46. Rxb1 Qxb1+ 47. Kxa5 Qa2+ 48. Kb6 Qxe2 49. Kc5 Qf3 50. Kd6 Qxh3 51. Ke5 Qxg4 52. Kd6 Qf4+ 53. Kc5 Qc4+ 54. Kd6 d4 55. Ke5 Qd5+ 56. Kf4 Qf5+ 57. Kg3 e5 58. Kg2 e4 59. Kg1 e3 60. Kg2 d3 0-1


[Site "https://www.chess.com"]

[Event "Titled Tuesday Blitz December 27 Early 2022"]
[White "Dimitrov, Atanas"]
[Black "Begunov, Konstantin"]
[WhiteFideId "2901315"]
[BlackFideId "4118510"]
[WhiteElo "2269"]
[BlackElo "2325"]
[Result "1-0"]
[Round "05"]
[TimeControl "180+2"]
[Date "2022.12.27"]
[WhiteClock "0:00:06"]
[BlackClock "0:00:01"]

1. Nf3 d5 2. g3 c6 3. Bg2 Bg4 4. O-O Nd7 5. d4 e6 6. Nbd2 f5 7. c4 Bd6 8. b3 Ngf6 9. Bb2 O-O 10. e3 Qe7 11. Qc2 Ne4 12. Ne1 Be2 13. Nd3 Bxf1 14. Rxf1 Nxd2 15. Qxd2 a5 16. Rc1 Ba3 17. h4 Bxb2 18. Qxb2 a4 19. cxd5 exd5 20. bxa4 Nf6 21. Nc5 Rfb8 22. Qb6 Ne4 23. Qb3 Ra5 24. Nd3 Rba8 25. Nb2 Qc7 26. Rc2 R5a6 27. Qxd5+ cxd5 28. Rxc7 Rb6 29. Rc2 Rc6 30. Re2 Rc1+ 31. Kh2 Ra1 32. Nd3 Rxa4 33. Rc2 R1xa2 34. Rc7 Rc4 35. Rxb7 Nxf2 36. Bxd5+ Kf8 37. Bxc4 Ng4+ 38. Kg1 Rc2 39. Bb5 Nxe3 40. Nf4 g6 41. Ne6+ Kg8 42. Rg7+ Kh8 43. Re7 h6 44. Re8+ Kh7 45. Bd3 1-0


[Site "https://www.chess.com"]

[Event "Titled Tuesday Blitz December 27 Early 2022"]
[White "Erzhanov, Arman"]
[Black "Ordekalog"]
[WhiteFideId "4138821"]
[WhiteElo "2228"]
[BlackElo "2826"]
[Result "0-1"]
[Round "05"]
[TimeControl "180+2"]
[Date "2022.12.27"]
[WhiteClock "0:00:03"]
[BlackClock "0:00:25"]

1. e4 c5 2. Nf3 e6 3. b3 Nc6 4. Bb5 Nd4 5. Nxd4 cxd4 6. O-O Qb6 7. Be2 Nf6 8. e5 Nd5 9. Bb2 d6 10. exd6 Bxd6 11. Na3 Bc5 12. Bb5+ Bd7 13. Bxd7+ Kxd7 14. Nc4 Qc7 15. Qg4 b5 16. Qxg7 bxc4 17. Qxf7+ Ne7 18. Rfe1 Qd6 19. bxc4 Raf8 20. Qh5 Rf5 21. Qh3 Rhf8 22. f3 d3+ 23. Kh1 R8f7 24. cxd3 Qxd3 25. Qh6 Ng6 26. Re4 Rxf3 27. h3 Rf1+ 28. Rxf1 Rxf1+ 29. Kh2 Bd6+ 30. Re5 Bxe5+ 0-1


[Site "https://www.chess.com"]

[Event "Titled Tuesday Blitz December 27 Early 2022"]
[White "Estrada Nieto, Julian"]
[Black "Hon, Eric"]
[WhiteFideId "5101018"]
[BlackFideId "2097117"]
[WhiteElo "2215"]
[BlackElo "1897"]
[Result "1-0"]
[Round "05"]
[TimeControl "180+2"]
[Date "2022.12.27"]
[WhiteClock "0:02:09"]
[BlackClock "0:02:03"]

1. e4 c5 2. Nf3 d6 3. d4 Nf6 4. Nc3 cxd4 5. Qxd4 Nc6 6. Bb5 Bd7 7. Bxc6 Bxc6 8. Bg5 Rc8 9. O-O-O Qa5 10. Kb1 e5 11. Qd3 Be7 12. Bxf6 gxf6 13. Nd5 Bxd5 14. Qxd5 Qxd5 15. Rxd5 Kd7 16. Nh4 Ke6 17. Nf5 Rhg8 18. g3 h5 19. Rhd1 Rgd8 20. Ng7+ Kd7 21. Nxh5 Rh8 22. g4 Rc4 23. f3 Rhc8 24. c3 a6 25. Ng3 R4c6 26. Nf5 Bf8 27. h4 1-0


[Site "https://www.chess.com"]

[Event "Titled Tuesday Blitz December 27 Early 2022"]
[White "Fabris, Alberto"]
[Black "Sanchez, Robert"]
[WhiteFideId "801348"]
[BlackFideId "2034360"]
[WhiteElo "2230"]
[BlackElo "1966"]
[Result "1-0"]
[Round "05"]
[TimeControl "180+2"]
[Date "2022.12.27"]
[WhiteClock "0:00:28"]
[BlackClock "0:00:09"]

1. d4 Nf6 2. Nf3 e6 3. Bf4 d5 4. e3 Bd6 5. Bd3 O-O 6. O-O c5 7. c3 Nc6 8. Bxd6 Qxd6 9. Nbd2 e5 10. dxe5 Nxe5 11. Nxe5 Qxe5 12. Nf3 Qd6 13. h3 h6 14. Bc2 Be6 15. Qd2 Rad8 16. Rad1 Qb6 17. Bb1 Rfe8 18. Qc2 g6 19. a3 Bf5 20. Qc1 Bxb1 21. Qxb1 Kg7 22. b4 Ne4 23. Qc2 Qf6 24. Rd3 Rc8 25. b5 Red8 26. Rfd1 Qe6 27. a4 c4 28. Rd4 Nc5 29. R4d2 Nd3 30. Ne1 Nc5 31. Nf3 Nb3 32. Nd4 Qf6 33. Nxb3 cxb3 34. Qxb3 Rxc3 35. Qb2 Qe5 36. Rd3 Rdc8 37. Rxc3 Rxc3 38. Rxd5 Qxd5 39. Qxc3+ Kh7 40. Qd4 Qxd4 41. exd4 Kg7 42. Kf1 Kf6 43. Ke2 Ke6 44. Kd3 Kd5 45. a5 b6 46. a6 f5 47. f4 g5 48. g3 gxf4 49. gxf4 h5 50. h4 Kd6 51. Kc4 Ke6 52. d5+ Kd6 53. Kd4 1-0


[Site "https://www.chess.com"]

[Event "Titled Tuesday Blitz December 27 Early 2022"]
[White "Fernandez Garcia, Gumersindo"]
[Black "Orzech, Dominik"]
[WhiteFideId "24516740"]
[BlackFideId "1115065"]
[WhiteElo "2160"]
[BlackElo "2308"]
[Result "0-1"]
[Round "05"]
[TimeControl "180+2"]
[Date "2022.12.27"]
[WhiteClock "0:00:10"]
[BlackClock "0:01:20"]

1. Nf3 c5 2. e3 g6 3. c3 Bg7 4. d4 Nf6 5. Bd3 O-O 6. O-O Qc7 7. h3 b6 8. Nbd2 Bb7 9. Qe2 Nc6 10. dxc5 bxc5 11. e4 d6 12. a4 Nd7 13. Re1 Nde5 14. Nxe5 Nxe5 15. Bc2 a5 16. Nf3 Ba6 17. Qd1 Nc4 18. Nd2 Ne5 19. Nf3 Nc4 20. Bd3 Qb7 21. Qe2 Nb6 22. Bg5 c4 23. Bb1 h6 24. Be3 Nd7 25. Qc2 Rab8 26. Bc1 Nc5 27. Re3 Nd3 28. Ra2 Qb3 29. Bd2 Qxc2 30. Bxc2 Nxb2 31. Nd4 Rfc8 32. Bc1 Nd3 33. Bd2 Nc5 34. f4 Nb3 35. Bxb3 cxb3 36. Rb2 Bxd4 37. cxd4 Rc2 38. Rxc2 bxc2 39. Rc3 Rb2 40. Bc1 Ra2 41. Kf2 Bb7 42. Ke3 f5 43. exf5 gxf5 44. g4 e6 45. gxf5 exf5 46. Rc7 Be4 47. Rc8+ Kf7 48. Kd2 Rxa4 49. Bb2 Ra2 50. Kc1 Ra4 51. Rc7+ Kg6 52. Ra7 d5 53. Ra6+ Kh5 54. h4 Kxh4 55. Rxh6+ Kg4 56. Ra6 Kxf4 57. Bc3 Ke3 58. Bxa5 Ra1+ 59. Kb2 c1=Q+ 60. Kb3 0-1


[Site "https://www.chess.com"]

[Event "Titled Tuesday Blitz December 27 Early 2022"]
[White "Fernandez Siles, Luis"]
[Black "Adel, Sara"]
[WhiteFideId "2209420"]
[BlackFideId "10616764"]
[WhiteElo "2218"]
[BlackElo "1739"]
[Result "1-0"]
[Round "05"]
[TimeControl "180+2"]
[Date "2022.12.27"]
[WhiteClock "0:00:04"]
[BlackClock "0:00:07"]

1. d4 Nf6 2. c4 g6 3. Nc3 Bg7 4. e4 d6 5. Nf3 Nbd7 6. Be2 e5 7. O-O O-O 8. Re1 Qe7 9. Bf1 Nh5 10. g3 c6 11. Be3 h6 12. Qd2 Kh7 13. dxe5 Nxe5 14. Nxe5 dxe5 15. f3 Rd8 16. Qc2 Be6 17. c5 f5 18. exf5 Bxf5 19. Ne4 Nf6 20. Bd3 Bh3 21. Nxf6+ Qxf6 22. Be4 Rd7 23. Rad1 Rad8 24. Rxd7 Rxd7 25. Rd1 Rxd1+ 26. Qxd1 Bf8 27. b4 Qe7 28. Qd3 Qe6 29. Qc2 Bf5 30. a3 Be7 31. g4 Bxe4 32. Qxe4 Bf6 33. h4 Qb3 34. h5 Qd1+ 35. Kg2 Qe2+ 36. Bf2 Qxe4 37. fxe4 gxh5 38. gxh5 Bg5 39. Kf3 Bc1 40. a4 Bd2 41. b5 cxb5 42. axb5 a5 43. c6 bxc6 44. bxc6 Bg5 45. c7 Bd8 46. cxd8=Q a4 47. Qe7+ Kg8 48. Qe8+ Kg7 49. Bg3 a3 50. Bxe5+ Kh7 51. Qf7# 1-0


[Site "https://www.chess.com"]

[Event "Titled Tuesday Blitz December 27 Early 2022"]
[White "Ferreira, Vitor Hugo Vieira"]
[Black "Piesik, Piotr"]
[WhiteFideId "2119765"]
[BlackFideId "1136194"]
[WhiteElo "2128"]
[BlackElo "2426"]
[Result "1-0"]
[Round "05"]
[TimeControl "180+2"]
[Date "2022.12.27"]
[WhiteClock "0:02:14"]
[BlackClock "0:01:33"]

1. e4 g6 2. d4 Bg7 3. Nf3 c6 4. Nc3 d6 5. Be2 Nf6 6. O-O O-O 7. Re1 Nbd7 8. Bf1 e5 9. h3 Qc7 10. Be3 b5 11. a3 a5 12. Qd2 Rb8 13. b4 Ra8 14. d5 axb4 15. axb4 Rxa1 16. Rxa1 cxd5 17. Nxb5 Qb8 18. Ba7 Nxe4 19. Bxb8 Nxd2 20. Bxd6 Nxf3+ 21. gxf3 Re8 22. Nc7 e4 23. Ra8 Rd8 24. Be7 1-0


[Site "https://www.chess.com"]

[Event "Titled Tuesday Blitz December 27 Early 2022"]
[White "Firouzja, Alireza"]
[Black "Perez Ponsa, Federico"]
[WhiteFideId "12573981"]
[BlackFideId "117927"]
[WhiteElo "2785"]
[BlackElo "2532"]
[Result "1-0"]
[Round "05"]
[TimeControl "180+2"]
[Date "2022.12.27"]
[WhiteClock "0:00:14"]
[BlackClock "0:00:07"]

1. e4 c5 2. Nf3 d6 3. d4 cxd4 4. Nxd4 Nf6 5. Nc3 a6 6. Be2 e5 7. Nb3 Be7 8. Be3 Be6 9. O-O O-O 10. a4 Nbd7 11. a5 Rc8 12. Re1 Rxc3 13. bxc3 Nxe4 14. Bf3 f5 15. c4 Bxc4 16. Nd2 Nxd2 17. Qxd2 e4 18. Be2 Qc7 19. Bxc4+ Qxc4 20. Rab1 Qc6 21. c4 Ne5 22. Qd5+ Qxd5 23. cxd5 Nc4 24. Rxb7 Bd8 25. Bd4 Rf7 26. Rb8 Rf8 27. Rc1 Nxa5 28. Rcc8 Be7 29. Rxf8+ Bxf8 30. Rb4 Be7 31. Ba7 Bf6 32. Bb8 Bc3 33. Rb6 Be5 34. Bxd6 Nc4 35. Rb8+ Kf7 36. Rb7+ Kf6 37. Be7+ Kf7 38. Ra7 a5 39. Bd8+ Ke8 40. Bxa5 Nxa5 41. Rxa5 Kd7 42. Ra6 f4 43. Kf1 e3 44. fxe3 fxe3 45. Ke2 Bxh2 46. Ra7+ Kd6 47. Rxg7 h5 48. Kxe3 h4 49. Ke4 Bg3 50. Rg6+ Kd7 51. Rh6 Ke7 52. d6+ Bxd6 53. Rxh4 Kf7 54. Kf5 Be7 55. Rh7+ Kf8 56. Rxe7 Kxe7 57. Kg6 Kf8 58. g4 Kg8 59. g5 Kh8 60. Kf7 Kh7 61. g6+ 1-0


[Site "https://www.chess.com"]

[Event "Titled Tuesday Blitz December 27 Early 2022"]
[White "Flynn, Jacob"]
[Black "Gerbelli Neto, Eduardo"]
[WhiteFideId "2509393"]
[BlackFideId "2103281"]
[WhiteElo "2102"]
[BlackElo "2114"]
[Result "0-1"]
[Round "05"]
[TimeControl "180+2"]
[Date "2022.12.27"]
[WhiteClock "0:00:18"]
[BlackClock "0:00:13"]

1. d4 d5 2. c4 c6 3. Nc3 dxc4 4. e3 b5 5. a4 b4 6. Na2 e5 7. Bxc4 exd4 8. Nf3 Ba6 9. Bxa6 Nxa6 10. exd4 Nf6 11. O-O Be7 12. Qd3 Nc7 13. Bd2 Ncd5 14. Nc1 O-O 15. Nb3 Bd6 16. Rac1 Qd7 17. h3 Rfe8 18. Rc2 Bf4 19. Rfc1 Rac8 20. Nc5 Qd6 21. Na6 Qd7 22. Nxb4 Nxb4 23. Bxb4 Bxc1 24. Rxc1 Nd5 25. Bc5 Nf4 26. Qd2 Ne2+ 27. Kf1 Nxc1 28. Qxc1 Qb7 29. b4 a5 30. bxa5 Qa6+ 31. Kg1 Qxa5 32. Qc4 Ra8 33. Ne5 Re6 34. f4 Qxa4 35. Qd3 Qa1+ 36. Kh2 Qc1 37. Qe4 Ra1 38. Qf3 Qh1+ 39. Kg3 Qe1+ 40. Kh2 Rc1 41. f5 Qg1+ 42. Kg3 Rf1 43. Qe2 Rxf5 44. h4 Qf1 45. Qe3 h6 46. d5 cxd5 47. Bd4 Rfxe5 48. Bxe5 Qf5 49. Qc5 Qxe5+ 50. Kh3 g6 51. Qc8+ Kg7 52. Qc5 Qf5+ 53. Kh2 Re2 54. Qd4+ Qe5+ 55. Qxe5+ Rxe5 56. Kg3 d4 57. Kf3 d3 58. Kf2 f5 0-1


[Site "https://www.chess.com"]

[Event "Titled Tuesday Blitz December 27 Early 2022"]
[White "Galchenko, Matvey"]
[Black "Marin Ramirez, Gerardo"]
[WhiteFideId "24175480"]
[BlackFideId "3901068"]
[WhiteElo "2438"]
[BlackElo "2127"]
[Result "1-0"]
[Round "05"]
[TimeControl "180+2"]
[Date "2022.12.27"]
[WhiteClock "0:01:10"]
[BlackClock "0:00:01"]

1. e4 c5 2. c3 d5 3. exd5 Qxd5 4. d4 Nf6 5. Nf3 Bg4 6. dxc5 Qxc5 7. h3 Bd7 8. Be3 Qc7 9. Na3 e6 10. Nb5 Bxb5 11. Bxb5+ Nbd7 12. Qd2 Bc5 13. Bf4 Qb6 14. Ba4 O-O 15. O-O Rfd8 16. Qe2 Nf8 17. Bc2 Be7 18. a4 Nd5 19. Bg3 a6 20. a5 Qc6 21. Nd4 Qc8 22. Rfe1 1-0


[Site "https://www.chess.com"]

[Event "Titled Tuesday Blitz December 27 Early 2022"]
[White "Gatterer, Florian"]
[Black "Mendez Fortes, Eduardo Jesus"]
[WhiteFideId "811688"]
[BlackFideId "3502376"]
[WhiteElo "2170"]
[BlackElo "2250"]
[Result "0-1"]
[Round "05"]
[TimeControl "180+2"]
[Date "2022.12.27"]
[WhiteClock "0:00:03"]
[BlackClock "0:00:29"]

1. d4 Nf6 2. Nf3 d5 3. g3 e6 4. Bg2 b5 5. a4 b4 6. c4 bxc3 7. Nxc3 Bd6 8. Nb5 Be7 9. Bf4 Na6 10. Rc1 Bb4+ 11. Nd2 O-O 12. Nxc7 Nxc7 13. Bxc7 Qd7 14. O-O Ba6 15. Be5 Rac8 16. Re1 Ne4 17. Bxe4 dxe4 18. Rxc8 Rxc8 19. e3 f6 20. Bf4 g5 21. Nxe4 Rf8 22. Nc5 Bxc5 23. dxc5 Qxd1 24. Rxd1 gxf4 25. gxf4 Kh8 26. f3 Rf7 27. Rd6 Bc4 28. b4 a6 29. Kf2 Kg7 30. c6 Rf8 31. e4 Rc8 32. Ke3 Kf7 33. Kd4 Bb3 34. b5 Bxa4 35. bxa6 Bxc6 36. a7 Ba8 37. f5 exf5 38. exf5 Rc7 39. Ke3 Rxa7 40. Kf4 Ke7 41. Re6+ Kf7 42. Rd6 h5 43. Kg3 h4+ 44. Kxh4 Bxf3 45. Kg3 Ba8 46. h4 Kg7 47. h5 Rf7 48. Kh4 Kh6 0-1


[Site "https://www.chess.com"]

[Event "Titled Tuesday Blitz December 27 Early 2022"]
[White "Gnechko, Ruslan"]
[Black "Fajdetic, Hrvoje"]
[WhiteFideId "14135868"]
[BlackFideId "14501945"]
[WhiteElo "2132"]
[BlackElo "2151"]
[Result "1-0"]
[Round "05"]
[TimeControl "180+2"]
[Date "2022.12.27"]
[WhiteClock "0:00:18"]
[BlackClock "0:00:02"]

1. e4 e6 2. d4 d5 3. Nc3 dxe4 4. Nxe4 Nd7 5. Nf3 Ngf6 6. Nxf6+ Nxf6 7. Bg5 Be7 8. Bd3 O-O 9. Qe2 c5 10. O-O-O cxd4 11. Kb1 Bd7 12. Nxd4 Qb6 13. Nf5 Ba3 14. Bxf6 exf5 15. Bc3 Rac8 16. Qe5 f6 17. Qd4 Qxd4 18. Bxd4 Bc5 19. Bc4+ Kh8 20. Bxc5 Rxc5 21. Rxd7 Rxc4 22. Rxb7 a5 23. Rd1 Re4 24. b3 h5 25. Rdd7 Rg4 26. g3 Re8 27. Rb5 Re1+ 28. Kb2 a4 29. Rxf5 axb3 30. axb3 Re2 31. Rxh5+ Kg8 32. Rf5 Rg5 33. Rf4 Rge5 34. h4 1-0


[Site "https://www.chess.com"]